 Dungeon Crawl Stone Soup version 0.31-a0-931-g7b59d4eb97 (webtiles) character file.

Game seed: 5977763160794862746

21 Xavori the Trooper (level 3, 25/25 (30) HPs)
             Began as a Djinni Chaos Knight on Oct 19, 2023.
             Was a Plaything of Xom.
             Quit the game on level 1 of the Dungeon.
             The game lasted 00:01:04 (8393 turns).

Xavori the Trooper (Djinni Chaos Knight)            Turns: 8393, Time: 00:01:05

HP:   25/25 (30)    AC:  6    Str:  6 (9)  XL:     3   Next: 5%
Gold: 49            EV: 11    Int: 11 (13) God:    Xom [......] SH:  0 Dex: 14

rFire   + + .        a - +0 falchion (chaos)
rCold   x . .        (no shield)
rNeg    . . .        b - +2 leather armour
rPois   ∞            (no helmet)
rElec   .            (no cloak)
rCorr   .            (no gloves)
SInv    .            (boots unavailable)
Will    .....        (no amulet)
Stlth   +            (no ring)
HPRegen 0.00/turn    (no ring)
MPRegen 0.00/turn

%: no passive effects
@: flying, inhibited regen, heavily drained
A: sickness immunity, fire resistance 2, cold vulnerability 1, float, innate
caster, HP casting, extra vitality 1, deterioration 2, sense surroundings 1,
shaggy fur 1, inhibited regeneration, weak 1
a: Renounce Religion


You were on level 1 of the Dungeon.
You worshipped Xom.
You were a very special plaything of Xom.
You visited 1 branch of the dungeon, and saw 2 of its levels.

You collected 49 gold pieces.

Inventory:

Hand Weapons
 a - a +0 falchion of chaos (weapon)
Armour
 b - a +2 leather armour (worn)
Scrolls
 c - a scroll of butterflies
 e - a scroll of noise {unknown}
 f - a scroll of revelation {unknown}
 g - a scroll of identify {unknown}
 i - 2 scrolls of enchant armour {unknown}
Potions
 d - a potion of curing {unknown}
 h - a potion of lignification {unknown}
 j - a potion of mutation {unknown}


   Skills:
 + Level 3.1 Fighting
 + Level 2.8 Long Blades
 + Level 1.3 Armour
 + Level 2.4 Dodging
 * Level 0.5 Spellcasting
 * Level 0.5 Conjurations
 * Level 0.5 Hexes
   Level 0.0 Charms
 * Level 0.5 Summonings
 * Level 0.5 Necromancy
 * Level 0.5 Translocations
 * Level 0.5 Transmutations
 * Level 0.5 Fire Magic
 * Level 0.5 Ice Magic
 * Level 0.5 Air Magic
 * Level 0.5 Earth Magic
 * Level 0.5 Poison Magic


You knew the following spells:

 Your Spells              Type           Power      Damage    Failure   Level
a - Apportation           Tloc           2%         N/A       38%         1
Your spell library was empty.

Dungeon Overview and Level Annotations

Branches:
Dungeon (2/15)

Altars:


Innate Abilities, Weirdness & Mutations

You are immune to sickness and miasma.
You are immune to poison.
Your flesh is very heat resistant. (rF++)
You are vulnerable to cold. (rC-)
You float through the air rather than walking.
You learn spells naturally, not from books.
Your magical power is your life essence.
You have superior vitality. (+4 MHP)
Your body often deteriorates upon taking damage.
You passively map a small area around you.
You are covered in fur. (AC +1)
You do not regenerate when monsters are visible.
You are weak. (Str -2)


Message History

You start waiting. "Suffer!"
You feel weakened.
You start waiting.
Done waiting.
You start waiting.
Done waiting.
You start waiting.
Xom's power touches on you for a moment.
You feel weakened.
You start waiting.
Done waiting.
You start waiting.
Done waiting.
You start waiting.
Done waiting.
You start waiting. "Suffer!"
You feel drained.
You start waiting.
Done waiting.
You start waiting. "Let me alter your body."
Your body is suffused with distortional energy.
You regain control of your magic.
You feel your body start to fall apart.
Your body's shape seems more normal.
Your regeneration stops near monsters.
You start waiting.
Done waiting.
You start waiting.
Done waiting.
You start waiting.
Done waiting.
You start waiting.
Done waiting.
You start waiting.
Done waiting.
You start waiting. "Let's see if it's strong enough to survive yet."
There are monsters nearby!
Are you sure you want to abandon this character and quit the game? (Confirm with "yes".)

.......###..###.........#####.###
......#####.###.###..#####....##.
................# ##...#...####..
.........##....#######...####...#
.........#####............)##.###
.........# ##########.).÷......
.........# #.4......##.#.####
.......:.# #.4......##.#.....
########## #@..........######
#........#### # #.......##
#.......# #.......# #.......#
#.......# #.......# #########


You could see 2 red devils.

Vanquished Creatures
  3 ball pythons (D:1)
  A bat (D:1)
  4 endoplasms (D:1)
  4 goblins (D:1)
  2 hobgoblins (D:1)
  2 frilled lizards (D:1)
  3 kobolds (D:1)
19 creatures vanquished.

Notes
Turn   | Place    | Note
-------+----------+-------------------------------------------
     0 | D:1      | Xavori the Djinni Chaos Knight began the quest for the Orb.
     0 | D:1      | Reached XP level 1. HP: 20/20 MP: 0/0
   111 | D:1      | XOM: divination: detect creatures
   142 | D:1      | Reached XP level 2. HP: 10/25 MP: 0/0
   225 | D:1      | Found a faded altar of an unknown god.
   569 | D:1      | Reached XP level 3. HP: 25/30 MP: 0/0
   569 | D:1      | Learned a level 1 spell: Apportation
   648 | D:1      | XOM: silly message
   808 | D:1      | XOM: divination: detect creatures
   818 | D:1      | XOM: silly message
  1491 | D:1      | XOM: cloud trail
  1876 | D:1      | XOM: give mutation
  1876 | D:1      | Gained mutation: You passively map a small area around you.
                  | [Xom's mischief]
  3055 | D:1      | XOM: silly message
  3550 | D:1      | XOM is BORED!
  3550 | D:1      | XOM: stat loss: -1 Str (10/11)
  4840 | D:1      | XOM: give mutation
  4840 | D:1      | Gained mutation: Armour fits poorly on your strangely
                  | shaped body. [Xom's mischief]
  5105 | D:1      | XOM: stat loss: -1 Int (12/13)
  5201 | D:1      | XOM: torment (16/30 hp)
  5662 | D:1      | XOM: silly message
  5922 | D:1      | XOM is BORED!
  5922 | D:1      | XOM: give mutations
  5922 | D:1      | Gained mutation: You are covered in fur. (AC +1) [Xom's
                  | mischief]
  5922 | D:1      | Gained mutation: You are somewhat resistant to further
                  | mutation. [Xom's mischief]
  5922 | D:1      | Lost mutation: You are somewhat resistant to further
                  | mutation. [Xom's mischief]
  6065 | D:1      | XOM: stat loss: -1 Int (11/13)
  6597 | D:1      | XOM: give mutations
  6597 | D:1      | Gained mutation: Your spells are a little harder to cast,
                  | but a little more powerful. [Xom's mischief]
  6597 | D:1      | Gained mutation: You are weak. (Str -2) [Xom's mischief]
  6597 | D:1      | Gained mutation: Your body sometimes deteriorates upon
                  | taking damage. [Xom's mischief]
  7023 | D:1      | XOM: stat loss: -1 Str (7/9)
  7265 | D:1      | XOM: stat loss: -1 Str (6/9)
  7618 | D:1      | XOM: draining
  7804 | D:1      | XOM: give mutations
  7804 | D:1      | Lost mutation: Your spells are a little harder to cast, but
                  | a little more powerful. [Xom's mischief]
  7804 | D:1      | Gained mutation: Your body often deteriorates upon taking
                  | damage. [Xom's mischief]
  7804 | D:1      | Lost mutation: Armour fits poorly on your strangely shaped
                  | body. [Xom's mischief]
  7804 | D:1      | Gained mutation: You do not regenerate when monsters are
                  | visible. [Xom's mischief]
  8392 | D:1      | XOM: summons 2 hostile demons
  8393 | D:1      | Noticed a red devil
  8393 | D:1      | Noticed a red devil
  8393 | D:1      | Quit the game

Illustrated notes

Levels and vault maps discovered:
D:1:      erik_arrival_triangle_medium, layout_rooms,
          chequers_ecumenical_altar_simple_redux, minmay_surrounded
D:2:      layout_loops_ring

Action                     || total
---------------------------++-------
  Melee: Falchion          ||    56
 Armour: Leather armour    ||    56
  Dodge: Dodged            ||    48

Table legend: (Time is in decaauts)
 A = Elapsed time spent in this place.
 B = Non-inter-level travel time spent in this place.
 C = Inter-level travel time spent in this place.
 D = Time resting spent in this place.
 E = Time spent auto-exploring this place.
 F = Levels seen in this place.
 G = Mean time per level.
                   A        B        C        D        E       F      G
               +--------+--------+--------+--------+--------+-----+--------+
         Total |   8401 |   8394 |      7 |   7710 |    548 |   2 | 4200.5 |
       Dungeon |   8401 |   8394 |      7 |   7710 |    548 |   2 | 4200.5 |
               +--------+--------+--------+--------+--------+-----+--------+

Top non-repeatable levels by time:
     D:1: 8399 daAuts
     D:2: 1 daAuts
